 Dungeon Crawl Stone Soup version 0.32-a0-871-ge202e49faa (webtiles) character file.

Game seed: 2610271838255493089

9223 pokeman the Thaumaturge (level 11, -3/61 HPs)
             Began as a Deep Elf Hedge Wizard on Mar 29, 2024.
             Was a Priest of Vehumet.
             Slain by an orc warrior
             ... wielding a +0 broad axe
              (11 damage)
             ... in a bailey.
             The game lasted 00:26:24 (9646 turns).

pokeman the Thaumaturge (Deep Elf Hedge Wizard)     Turns: 9646, Time: 00:26:25

Health: -3/61      AC: 13    Str:  7    XL:     11   Next: 20%
Magic:  14/31      EV: 12    Int: 24    God:    Vehumet [***...]
Gold:   422        SH:  0    Dex: 14    Spells: 22/39 levels left

rFire   . . .        b - +2 dagger (venom)
rCold   . . .        (no shield)
rNeg    . . .        I - +0 steam dragon scales
rPois   +            F - +0 helmet
rElec   .            s - +0 cloak
rCorr   .            e - +0 pair of gloves
SInv    .            (no boots)
Will    +....        (no amulet)
Stlth   ++           f - ring of poison resistance
HPRegen 0.30/turn    B - +4 ring of protection
MPRegen 0.22/turn

%: no passive effects
@: no status effects
A: no striking features
a: Renounce Religion


You were in a bailey.
You worshipped Vehumet.
Vehumet was most pleased with you.
You visited 2 branches of the dungeon, and saw 11 of its levels.
You also visited: Bailey.

You collected 422 gold pieces.

Inventory:

Hand Weapons
 b - a +2 dagger of venom (weapon)
 r - a +2 quarterstaff of chaos
 Q - the +6 battleaxe "Axusaot" {heavy, rElec Int+6}
   (You found it on level 8 of the Dungeon)

   Int+6:     It affects your intelligence (+6).
   rElec:     It insulates you from electricity.
Missiles
 O - 2 curare-tipped darts
Armour
 e - a +0 pair of gloves (worn)
 j - a +0 buckler
 q - a +2 robe of resistance
 s - a +0 cloak (worn)
 D - a +3 scale mail of cold resistance
 F - a +0 helmet (worn)
 I - +0 steam dragon scales (worn)
Magical Staves
 v - a staff of alchemy
 y - a staff of earth
Jewellery
 c - a +6 ring of intelligence
 f - a ring of poison resistance (left hand)
 m - a ring of protection from fire
 B - a +4 ring of protection (right hand)
 L - an amulet of faith
 P - a ring of protection from cold
 T - a ring of ice
Wands
 C - a wand of paralysis (3)
 J - a wand of iceblast (5)
 N - a wand of flame (22)
Scrolls
 a - 5 scrolls of immolation {unknown}
 g - a scroll of noise {unknown}
 h - 7 scrolls of identify {unknown}
 i - 5 scrolls of poison {unknown}
 l - 7 scrolls of teleportation {unknown}
 p - 5 scrolls of torment {unknown}
 t - a scroll of enchant armour {unknown}
 x - 2 scrolls of fear {unknown}
 G - 2 scrolls of vulnerability {unknown}
 K - 2 scrolls of blinking {unknown}
 M - a scroll of enchant weapon {unknown}
 R - 2 scrolls of revelation {unknown}
 S - a scroll of fog {unknown}
 U - a scroll of amnesia {unknown}
Potions
 d - a potion of magic
 k - a potion of haste {unknown}
 n - 2 potions of lignification {unknown}
 o - 2 potions of heal wounds {unknown}
 u - a potion of mutation {unknown}
 w - 4 potions of enlightenment {unknown}
 z - 2 potions of ambrosia {unknown}
 A - a potion of invisibility {unknown}
 E - 3 potions of brilliance {unknown}
 H - 2 potions of curing {unknown}


   Skills:
 - Level 4.0 Fighting
 + Level 3.2 Armour
 - Level 3.0 Dodging
 - Level 3.2 Stealth
 - Level 3.2 Shields
 * Level 14.7 Spellcasting
 + Level 8.6 Conjurations
 - Level 1.1 Summonings
 - Level 1.1 Translocations
 - Level 1.2 Fire Magic
 + Level 7.5 Ice Magic
 - Level 1.2 Air Magic
 - Level 2.1 Earth Magic
 - Level 1.0 Alchemy
 - Level 1.0 Evocations


You had 22 spell levels left.
You knew the following spells:

 Your Spells              Type           Power      Damage    Failure   Level
a - Magic Dart            Conj           100%       1d8       1%          1
b - Mephitic Cloud        Conj/Alch/Air  35%        N/A       1%          3
c - Call Imp              Summ           46%        N/A       3%          2
d - Blink                 Tloc           46%        N/A       3%          2
e - Ignite Poison         Fire/Alch      23%        N/A       5%          4
f - Freezing Cloud        Conj/Ice/Air   22%        6-21      2%          5

Your spell library contained the following spells:

 Spells                   Type           Power      Damage    Failure   Level
 Flame Wave               Conj/Fire      41%        2d11      1%          4
 Freeze                   Ice            100%       1d10      1%          1
 Ensorcelled Hibernation  Hex/Ice        70%        N/A       1%          2
 Frozen Ramparts          Ice            100%       1d16      1%          3
 Hailstorm                Conj/Ice       54%        3d11      1%          3
 Slow                     Hex            68%        N/A       3%          1
 Cigotuvi's Dreadful Rot  Necr/Alch/Air  42%        N/A       3%          2
 Passwall                 Erth           28%        N/A       4%          3
 Swiftness                Air            23%        N/A       6%          3
 Conjure Ball Lightning   Conj/Air       20%        3x3d6     17%         6
 Discord                  Hex            8%         N/A       100%        8
 Disjunction              Tloc           11%        N/A       100%        8


Dungeon Overview and Level Annotations

Branches:
Dungeon (10/15)            Temple (1/1) D:7          Bailey (1/1)
   Lair: D:8-11         Orc: D:9-12

Altars:
Ashenzari
Cheibriados
Dithmenos
Elyvilon
Fedhas
Gozag
Hepliaklqana
Kikubaaqudgha
Makhleb
Nemelex Xobeh
Okawaru
Qazlal
Ru
Sif Muna
Trog
Uskayaw
Vehumet
Wu Jian
Xom
Yredelemnul
Zin
The Shining One

Shops:
D:10 :


Message History

Aiming: Mephitic Cloud (safe; 1% risk of failure)
Press: ? - help, Shift-Dir - straight line, f/p - orc warlord
Aim: an orc warlord, wielding a +4 broad axe and wearing a +0 chain mail (moderately wounded, chance to affect: 29%)
The ball explodes into a vile cloud!
The stinking cloud engulfs the orc warlord.
The orc warlord is moderately wounded.
The stinking cloud engulfs you.
The orc warlord is engulfed in noxious fumes.
The orc warlord hits you with a +4 broad axe!!
Ouch! That really hurt!
Unknown command.
Unknown command.
Aiming: Paralyse
Press: ? - help, Shift-Dir - straight line, f/p - orc warlord
Aim: an orc warlord, wielding a +4 broad axe and wearing a +0 chain mail (noxious fumes, moderately wounded, chance to affect: 19%)
The orc warlord resists with almost no effort.
The orc warlord is engulfed in noxious fumes.
The orc warlord appears confused.
The orc warlord hits you with a +4 broad axe!!
* * * LOW HITPOINT WARNING * * *
Unknown command.
Casting: Mephitic Cloud (safe; 1% risk of failure)
Confirm with . or Enter, or press ? or * to list all spells.
You blink.
The orc warlord is engulfed in noxious fumes.
Unknown command.
Okay, then.
Unknown command.
The orc warlord is engulfed in noxious fumes.
You feel ready to blink again.
The orc warlord is engulfed in noxious fumes.
The orc warlord appears confused.
The orc warrior howls, "My nostrils!"
The orc warrior no longer looks unusually strong.
The orc warrior is engulfed in noxious fumes.
The orc warrior appears confused.
Items here: )))) [[[[ ††.
The orc warrior is engulfed in noxious fumes.
The orc warrior hits you with a +0 broad axe!
You die...

)##......)##..o....##
..#.......#.o.......#
..##.....##.........##
...#######.....⌠.....#
..## ##......)..## ..#
#.)...)...# .##
##.......## #.......#
##..)@.## ####o##
##.....## #.......#
##...))..## .
#.........# #o
##.........## ##)
#.....⌠.....#


ßß)ß ##.........## You could see 2 orc warriors.

Vanquished Creatures
  A hydra (D:9)
  A two-headed ogre (D:9)
  2 orc knights (Bailey)
  Maggie (D:6)
  A troll (D:9)
  Sigmund (D:6)
  A wyvern (D:9)
  12 yaks
  2 steam dragons
  The ghost of Biggs the Shooter, an amateur CoHu (D:3)
  Menkaure (D:7)
  2 water moccasins
  2 black bears
  8 orc warriors
  4 ice beasts
  3 sky beasts
  An ogre (D:5)
  2 phantoms (D:5)
  3 kobold brigands
  2 bullfrogs
  A scorpion (D:6)
  12 killer bees (D:9)
  4 howler monkeys
  3 jellies
  3 bombardier beetles
  A gnoll bouda (D:6)
  4 hounds
  Crazy Yiuf (D:2)
  5 orc priests
  Jessica (D:2)
  3 iguanas
  A sleepcap (D:8)
  7 orc wizards
  8 gnolls
  7 adders
  A shadow imp (D:3)
  A white imp (D:6)
  2 ufetubi (D:6)
  2 ribbon worms (D:5)
  31 orcs
  3 endoplasms
  4 giant cockroaches
  13 goblins
  17 hobgoblins
  6 jackals (D:1)
  23 kobolds
  A quokka (D:4)
  8 ball pythons
  11 bats
  4 frilled lizards
  3 rats
242 creatures vanquished.

Notes
Turn   | Place    | Note
-------+----------+-------------------------------------------
     0 | D:1      | pokeman the Deep Elf Hedge Wizard began the quest for the
                  | Orb.
     0 | D:1      | Reached XP level 1. HP: 10/10 MP: 7/7
   253 | D:1      | Reached XP level 2. HP: 15/15 MP: 5/9
   867 | D:1      | Reached skill level 5 in Spellcasting
  1061 | D:1      | Reached XP level 3. HP: 20/20 MP: 8/11
  1065 | D:1      | Learned a level 3 spell: Mephitic Cloud
  1068 | D:1      | Learned a level 2 spell: Call Imp
  1071 | D:1      | Learned a level 2 spell: Blink
  1555 | D:2      | Reached skill level 1 in Fighting
  1555 | D:2      | Reached skill level 1 in Armour
  1612 | D:2      | Found a faded altar of an unknown god.
  1697 | D:2      | Reached XP level 4. HP: 13/25 MP: 5/13
  1868 | D:2      | Noticed Jessica
  1871 | D:2      | Killed Jessica
  2111 | D:2      | Found a runed translucent door.
  2112 | D:2      | Noticed Crazy Yiuf
  2132 | D:2      | Killed Crazy Yiuf
  2240 | D:3      | Reached skill level 6 in Spellcasting
  2240 | D:3      | Reached XP level 5. HP: 23/29 MP: 2/15
  2405 | D:3      | Noticed Biggs's ghost (amateur CoHu)
  2737 | D:3      | Found a runed translucent gate.
  2737 | D:3      | Found a runed translucent gate.
  2737 | D:3      | Found a runed translucent gate.
  3570 | D:4      | Found an ornate altar of the Wu Jian Council.
  3665 | D:4      | Reached skill level 1 in Alchemy
  3731 | D:5      | Entered Level 5 of the Dungeon
  3736 | D:5      | Noticed a phantom
  3747 | D:5      | Killed a phantom
  3748 | D:5      | Reached skill level 1 in Air Magic
  3748 | D:5      | Reached XP level 6. HP: 34/34 MP: 5/17
  3836 | D:5      | Reached skill level 1 in Shields
  3839 | D:5      | Reached skill level 1 in Earth Magic
  3839 | D:5      | Reached skill level 1 in Evocations
  3889 | D:5      | Reached skill level 7 in Spellcasting
  3979 | D:5      | Reached XP level 7. HP: 31/38 MP: 6/19
  4177 | D:5      | Learned a level 4 spell: Ignite Poison
  4183 | D:5      | Learned a level 5 spell: Freezing Cloud
  4210 | D:5      | Reached skill level 8 in Spellcasting
  4368 | D:5      | Reached skill level 1 in Ice Magic
  4449 | D:5      | Reached skill level 1 in Fire Magic
  4719 | D:5      | Reached XP level 8. HP: 44/44 MP: 20/22
  4815 | D:6      | Noticed Sigmund
  4824 | D:6      | Killed Sigmund
  4825 | D:6      | Reached skill level 9 in Spellcasting
  4944 | D:6      | Reached skill level 5 in Conjurations
  4946 | D:6      | Reached skill level 10 in Spellcasting
  5177 | D:6      | Noticed Maggie
  5184 | D:6      | Killed Maggie
  5185 | D:6      | Reached XP level 9. HP: 48/48 MP: 15/25
  5408 | D:6      | Found an iron altar of Okawaru.
  5928 | D:7      | Found a glowing silver altar of Zin.
  5929 | D:7      | Found a hazy altar of Hepliaklqana.
  5930 | D:7      | Found a burning altar of Makhleb.
  5933 | D:7      | Found a basalt altar of Yredelemnul.
  5934 | D:7      | Found a shadowy altar of Dithmenos.
  5994 | D:7      | Noticed Menkaure
  6003 | D:7      | Killed Menkaure
  6132 | D:7      | Reached skill level 11 in Spellcasting
  6209 | D:7      | Found a staircase to the Ecumenical Temple.
  6220 | Temple   | Entered the Ecumenical Temple
  6243 | Temple   | Became a worshipper of Vehumet
  6565 | D:7      | Reached skill level 5 in Ice Magic
  7160 | D:3      | Killed Biggs's ghost
  7467 | D:8      | Reached * piety under Vehumet
  7467 | D:8      | Offered knowledge of Sandblast by Vehumet.
  7468 | D:8      | Reached skill level 12 in Spellcasting
  7670 | D:8      | Reached XP level 10. HP: 29/53 MP: 20/28
  8077 | D:8      | Identified the +6 battleaxe "Axusaot" {heavy, rElec Int+6}
  8142 | D:8      | Found a blossoming altar of Fedhas.
  8283 | D:9      | Noticed a two-headed ogre
  8289 | D:9      | Killed a two-headed ogre
  8290 | D:9      | Reached skill level 13 in Spellcasting
  8386 | D:9      | Reached ** piety under Vehumet
  8495 | D:9      | Noticed a seven-headed hydra
  8497 | D:9      | Offered knowledge of Kiss of Death by Vehumet.
  8512 | D:9      | Killed a seven-headed hydra
  8513 | D:9      | Reached skill level 14 in Spellcasting
  8817 | D:9      | Reached XP level 11. HP: 56/60 MP: 27/31
  9128 | D:10     | Entered Level 10 of the Dungeon
  9128 | D:10     | Found a flagged portal.
  9134 | D:10     | Found Kaepn's Book Emporium.
  9151 | Bailey   | Entered a bailey
  9237 | Bailey   | Offered knowledge of Inner Flame by Vehumet.
  9243 | Bailey   | Noticed an orc knight
  9263 | Bailey   | Killed an orc knight
  9354 | Bailey   | Noticed an orc knight
  9396 | Bailey   | Killed an orc knight
  9509 | Bailey   | Reached *** piety under Vehumet
  9600 | Bailey   | Offered knowledge of Flame Wave by Vehumet.
  9601 | Bailey   | Noticed an orc warlord
  9646 | Bailey   | Slain by an orc warrior

Illustrated notes

Levels and vault maps discovered:
D:1:      psy_arrival_terrarium, layout_basic, serial_corexii_hall,
          corexii_hall_statues_deadend, chequers_hall_statues_y
D:2:      layout_rooms, basic_ecumenical_altar, uniq_crazy_yiuf_cottage,
          uniq_jessica
D:3:      layout_basic, gammafunk_ghost_split, kennysheep_decorative_pillar,
          guppyfry_early_lair_pool
D:4:      layout_basic, nzn_wu_jian_council_hall
D:5:      layout_gridville
D:6:      minmay_spotlight, layout_gridville, kennysheep_mini, uniq_sigmund,
          uniq_maggie
D:7:      layout_basic, grunt_temple_overflow_open, minmay_temple_entry_slanted,
          serial_co_window_serial, co_window_cross_1,
          co_window_of_opportunity_a, co_window_cross_1, co_window_corner_a,
          co_window_cross_1, co_window_paths_a, co_window_paths_a,
          co_window_cross_4, co_window_corner_ca, co_window_corner_b,
          co_window_broadway_b, co_window_corner_ca, co_window_2corner,
          co_window_paths_d, co_window_4corner_a, glass_columns_a,
          glass_columns_a, glass_columns_b, glass_columns_a, glass_columns_a,
          uniq_menkaure
D:8:      layout_cave_pools, mainiacjoe_overflow_surrounded_room
D:9:      layout_roguey
D:10:     layout_big_octagon, serial_rivers, chequers_serial_rivers_large_b,
          chequers_serial_rivers_large_a, chequers_serial_rivers_micro_c,
          chequers_serial_rivers_micro_e, chequers_serial_rivers_micro_a,
          serial_shops, shop, enter_bailey_2
Temple:   minmay_temple_curvy_branch
Bailey:   bailey_axe_minmay_hex_keep, bailey

Skill      XL: |  1  2  3  4  5  6  7  8  9 10 11 |
---------------+----------------------------------+-----
Spellcasting   | 5 6 7 8 10 12 14 | 14.7
Conjurations   | 2 3 4 5 7 8 |  8.6
Fighting       | 1 2 3 4 |  4.0
Armour         | 1 3 |  3.2
Stealth        | 3 |  3.2
Dodging        | 3 |  3.0
Alchemy        | 1 |  1.0
Air Magic      | 1 |  1.2
Shields        | 1 3 |  3.2
Earth Magic    | 1 2 |  2.1
Evocations     | 1 |  1.0
Ice Magic      | 1 4 5 7 |  7.5
Fire Magic     | 1 |  1.2
Summonings     | |  1.1
Translocations | |  1.1

Action                     |  1- 3 |  4- 6 |  7- 9 | 10-12 || total
---------------------------+-------+-------+-------+-------++-------
  Melee: Dagger            |    18 |    38 |   136 |    86 ||   278
         Short sword       |    11 |       |       |       ||    11
   Cast: Magic Dart        |    94 |    98 |    63 |    50 ||   305
         Mephitic Cloud    |       |     6 |    28 |    24 ||    58
         Call Imp          |       |     1 |     2 |     1 ||     4
         Ignite Poison     |       |       |     7 |     3 ||    10
         Freezing Cloud    |       |       |     6 |    19 ||    25
         Blink             |       |       |     1 |     1 ||     2
  Evoke: Wand              |       |       |       |     5 ||     5
   Stab: Confused          |       |     4 |    14 |     8 ||    26
         Sleeping          |       |     1 |       |       ||     1
 Armour: Robe              |    38 |    16 |    24 |       ||    78
         Steam dragon scal |       |       |    48 |    49 ||    97
  Dodge: Dodged            |    42 |    20 |    67 |    37 ||   166

Table legend: (Time is in decaauts)
 A = Elapsed time spent in this place.
 B = Non-inter-level travel time spent in this place.
 C = Inter-level travel time spent in this place.
 D = Time resting spent in this place.
 E = Time spent auto-exploring this place.
 F = Levels seen in this place.
 G = Mean time per level.
                   A        B        C        D        E       F      G
               +--------+--------+--------+--------+--------+-----+--------+
         Total |   9644 |   9217 |    427 |     68 |   7603 |  12 |  803.7 |
       Dungeon |   9104 |   8720 |    384 |     68 |   7339 |  10 |  910.4 |
        Temple |     45 |      2 |     43 |      0 |      0 |   1 |   45.0 |
        Bailey |    494 |    494 |      0 |      0 |    264 |   1 |  494.0 |
               +--------+--------+--------+--------+--------+-----+--------+

Top non-repeatable levels by time:
     D:1: 1301 daAuts
     D:7: 1214 daAuts
     D:6: 1129 daAuts
     D:3: 1054 daAuts
     D:5: 1049 daAuts
     D:2: 926 daAuts
     D:9: 916 daAuts
     D:8: 865 daAuts
     D:4: 623 daAuts
  Bailey: 494 daAuts
  Temple: 45 daAuts
    D:10: 22 daAuts
